AoeStats
← Blazing Cartesia, The Virtuous

Arabia

510568272Analyzed
1v1 RM · 12h ago on Oct 1, 2026· 60m 30s· 2 players
Game mode
Random Map
Map size
Tiny (2 player)
Population
200
Speed
Normal
Resources
Standard
Victory
Conquest
Starting age
Dark Age
Ending age
Imperial Age
RankedLock teamsTeams togetherTeam positionsShared explorationLock speedFull tech treeHidden civsTurbo modeCheats
Victory
Defeat
1274
+16
🇲🇽 Danes · Mexico
1283
-16
Blazing Cartesia, The Virtuous
6:28 Loom
9:01 Feudal Age
9:24 Double-Bit Axe
13:26 Horse Collar
14:40 Fletching
20:20 Castle Age
19:02 Gold Mining
19:51 Bloodlines
20:59 Bow Saw
20:53 Heavy Plow
22:22 Husbandry
23:49 Parthian Tactics
23:50 Bodkin Arrow
25:01 Padded Archer Armor
26:14 Ballistics
27:54 Thumb Ring
28:32 Leather Archer Armor
29:14 Elite Skirmisher
32:35 Wheelbarrow
36:13 Hand Cart
38:38 Imperial Age
36:10 Town Watch
39:21 Cavalier
40:57 Gold Shaft Mining
40:13 Stone Mining
42:42 Stone Shaft Mining
41:44 Savar
43:05 Conscription
43:25 Hoardings
43:35 Fervor
45:36 Forging
45:57 Devotion
46:29 Crop Rotation
47:01 Two-Man Saw
46:08 Town Patrol
46:49 Citadels
46:06 Elite War Elephant
47:54 Iron Casting
47:25 Scale Barding Armor
47:50 Masonry
47:37 Murder Holes
48:43 Chemistry
48:32 Chain Barding Armor
50:24 Blast Furnace
50:00 Plate Barding Armor
53:41 Kamandaran
55:31 Ring Archer Armor
58:54 Light Cavalry
MalvXIV
1:42 Loom
10:45 Feudal Age
18:59 Castle Age
18:07 Double-Bit Axe
18:19 Fletching
19:34 Bodkin Arrow
20:05 Bow Saw
22:50 Wheelbarrow
22:34 Padded Archer Armor
24:23 Town Watch
24:52 Husbandry
24:38 Horse Collar
26:00 Ballistics
26:35 Crossbowman
27:25 Thumb Ring
28:47 Leather Archer Armor
31:15 Hand Cart
38:41 Elite Skirmisher
45:30 Imperial Age
43:18 Squires
43:57 Scale Mail Armor
44:07 Forging
43:38 Hamask
46:37 Chain Mail Armor
46:57 Iron Casting
46:02 Elite Varangian Guard
48:04 Plate Mail Armor
50:12 Blast Furnace
49:42 Conscription
50:04 Bracer
49:41 Pikeman
50:25 Murder Holes
51:10 Halberdier
54:12 Chemistry
56:40 Ring Archer Armor
56:17 Scale Barding Armor
57:21 Bloodlines
56:58 Light Cavalry
58:32 Chain Barding Armor
58:12 Gold Mining
Connection lost

Rejoining the realm…

Still unreachable

The connection could not be restored.

Session expired

The server has moved on; the page needs a fresh start.